 Dungeon Crawl Stone Soup version 0.30-a0-368-g86fb4627a9 (webtiles) character file.

Game seed: 12313917287905994443

620 kiwi3s the Cleaver (level 7, -3/79 (85) HPs)
             Began as a Minotaur Berserker on Nov 18, 2022.
             Was a Priest of Trog.
             Slain by an ogre
             ... wielding a +0 giant club
              (13 damage)
             ... on level 5 of the Dungeon.
             The game lasted 00:02:58 (4060 turns).

kiwi3s the Cleaver (Minotaur Berserker)             Turns: 4060, Time: 00:02:58

HP:   -3/79 (85)    AC:  2    Str: 24    XL:     7   Next: 22%
MP:   6/6           EV: 12    Int:  4    God:    Trog [***...]
Gold: 236           SH:  0    Dex:  9    Spells: 6/6 levels left

rFire   . . .      SeeInvis .    a - +0 hand axe
rCold   . . .      Faith    .    (no shield)
rNeg    . . .      Spirit   .    b - +0 animal skin
rPois   .          Reflect  .    (helmet restricted)
rElec   .          Harm     .    (no cloak)
rCorr   .          Rampage  .    (no gloves)
Will    .....                    (no boots)
Stlth   ..........               (no amulet)
HPRegen 0.33/turn                (no ring)
MPRegen 0.10/turn                (no ring)

@: berserking, drained, very quick
A: horns 2, retaliatory headbutt
a: Renounce Religion, Berserk, Trog's Hand


You were on level 5 of the Dungeon.
You worshipped Trog.
Trog was most pleased with you.
You visited 1 branch of the dungeon, and saw 5 of its levels.

You collected 236 gold pieces.

Inventory:

Hand Weapons
 a - a +0 hand axe (weapon)
Missiles
 h - 3 throwing nets (quivered)
Armour
 b - a +0 animal skin (worn)
Jewellery
 f - a +6 ring of strength
 g - a +6 ring of strength
 o - a +4 ring of evasion
 q - a ring of willpower
Wands
 w - a wand of paralysis (12)
Scrolls
 d - 3 scrolls of identify {unknown}
 i - a scroll of amnesia {unknown}
 j - a scroll of immolation {unknown}
 m - a scroll of fear {unknown}
 n - a scroll of blinking {unknown}
 r - a scroll of teleportation {unknown}
 u - a scroll of fog {unknown}
 v - a scroll of noise {unknown}
Potions
 c - a potion of curing {unknown}
 e - a potion of lignification {unknown}
 k - a potion of degeneration {unknown}
 l - a potion of cancellation {unknown}
 p - 2 potions of berserk rage {unknown}
 s - a potion of magic {unknown}
 t - a potion of brilliance {unknown}


   Skills:
 - Level 3.6 Fighting
 + Level 10.1 Axes
 - Level 2.4 Armour
 - Level 2.1 Dodging


You had 6 spell levels left.
You didn't know any spells.
Your spell library was empty.

Dungeon Overview and Level Annotations

Branches:
Dungeon (5/15)
 Temple: D:4-7

Altars:
Cheibriados
Fedhas
Makhleb
Vehumet
The Shining One


Innate Abilities, Weirdness & Mutations

You have a pair of horns on your head.
You reflexively headbutt those who attack you in melee.


Message History

You hit the wight.
The wight is lightly damaged.
The wight hits you from afar with a +0 trident!
The wight misses you.
There are monsters nearby!
You are too injured to fight recklessly!
You are too injured to fight recklessly!
An ogre comes into view. It is wielding a +0 giant club.
The wight attacks as you move away! The wight hits you with a +3 battleaxe!
* * * LOW HITPOINT WARNING * * *
The ogre shouts!
Things that are here:
a +3 halberd; a +0 robe A red film seems to cover your vision as you go berserk!
You feel yourself moving faster!
You feel mighty! The wight hits you with a +3 battleaxe!
* * * LOW HITPOINT WARNING * * *
You feel drained.
* * * LOW HITPOINT WARNING * * *
You slash the wight! You headbutt the wight.
You destroy the wight!
Trog accepts your kill.
Your Axes skill increases to level 10!
You are too injured to fight recklessly!
Unknown command.
The orc closely misses you. The wight barely misses you.
Things that are here:
a +3 battleaxe; a +0 robe You are too injured to fight recklessly!
You barely miss the orc.
A wight comes into view. It is wielding a +4 halberd.
The wight barely misses you. The orc hits you but does no damage.
Unknown command.
You are too injured to fight recklessly!
You slash the orc!
You kill the orc!
Trog accepts your kill.
Unknown command.
The ogre hits you with a +0 giant club!
You die...

#.# #...
########.# #
#!.. .........#
#.##...
########.#
#...... #.#
....... #.#
#...... #.#
##.zz#########.#
#...z@)).......#
#...O###########
#.##. # #. #. #.
#. ..


You could see an ogre and 3 wights.

Vanquished Creatures
  Menkaure (D:4)
  A black bear (D:4)
  A necrophage (D:4)
  2 wights (D:5)
  A jelly (D:4)
  An orc wizard (D:4)
  5 gnolls
  4 adders
  2 worms
  2 dart slugs
  6 orcs
  8 endoplasms
  9 giant cockroaches
  7 goblins
  10 hobgoblins
  A jackal (D:4)
  7 kobolds
  5 quokkas
  5 ball pythons
  3 bats
  2 frilled lizards (D:3)
83 creatures vanquished.

Notes
Turn   | Place    | Note
-------+----------+-------------------------------------------
     0 | D:1      | kiwi3s the Minotaur Berserker began the quest for the Orb.
     0 | D:1      | Reached XP level 1. HP: 19/19 MP: 0/0
    35 | D:1      | Reached skill level 4 in Axes
    69 | D:1      | Reached XP level 2. HP: 26/26 MP: 1/1
   153 | D:1      | Found a faded altar of an unknown god.
   295 | D:1      | Reached skill level 5 in Axes
   405 | D:1      | Reached XP level 3. HP: 29/31 MP: 2/2
   648 | D:1      | Reached ** piety under Trog
   720 | D:2      | Found a burning altar of Makhleb.
  1066 | D:2      | Reached skill level 6 in Axes
  1066 | D:2      | Reached XP level 4. HP: 22/39 MP: 3/3
  1430 | D:3      | Found a blossoming altar of Fedhas.
  1540 | D:3      | Found a burning altar of Makhleb.
  1930 | D:3      | Found a glowing golden altar of the Shining One.
  2459 | D:4      | Found a snail-covered altar of Cheibriados.
  2550 | D:4      | Reached XP level 5. HP: 31/45 MP: 4/4
  2552 | D:4      | Reached skill level 7 in Axes
  2672 | D:4      | Noticed a black bear
  2678 | D:4      | Killed a black bear
  2683 | D:4      | Reached skill level 8 in Axes
  2683 | D:4      | Reached XP level 6. HP: 51/51 MP: 5/5
  2796 | D:4      | Found a radiant altar of Vehumet.
  2808 | D:4      | Noticed Menkaure
  2819 | D:4      | Killed Menkaure
  2820 | D:4      | Reached skill level 9 in Axes
  2982 | D:4      | Reached *** piety under Trog
  3640 | D:4      | Reached XP level 7. HP: 46/57 MP: 6/6
  3747 | D:5      | Entered Level 5 of the Dungeon
  4057 | D:5      | Reached skill level 10 in Axes
  4060 | D:5      | Slain by an ogre

Illustrated notes

Levels and vault maps discovered:
D:1:      lemuel_arrival_rhombus, layout_basic, ebering_ecumenical_altar_mist
D:2:      layout_loops_cross, basic_altar, hangedman_decor_clover_reticule
D:3:      layout_loops_corners, mainiacjoe_overflow_alcove_2,
          mainiacjoe_overflow_chevrons, nicolae_overflow_crystal_walls
D:4:      kennysheep_six_static_rooms, layout_basic, slow_altar_1,
          overflow_temple_1_default, minmay_fractal_squares_5, uniq_menkaure
D:5:      layout_loops_ring, nicolae_dithmenos_shadow_blocks, uniq_grinder,
          uniq_eustachio, uniq_blork_the_orc

Skill      XL: |  1  2  3  4  5  6  7 |
---------------+----------------------+-----
Axes           | 4 5 6 8 9 10 | 10.1
Fighting       | |  3.6
Armour         | |  2.4
Dodging        | |  2.1

Action                   |  1- 3 |  4- 6 |  7- 9 || total
-------------------------+-------+-------+-------++-------
Melee: Hand axe          |    48 |   117 |    13 ||   178
       Headbutt          |     5 |    13 |     3 ||    21
       Punch             |       |     4 |       ||     4
Throw: Throwing net      |       |     1 |       ||     1
Invok: Berserk           |       |     3 |     2 ||     5
 Stab: Sleeping          |     1 |     1 |       ||     2
Armor: Animal skin       |     6 |    19 |     1 ||    26
Dodge: Dodged            |    28 |    67 |     7 ||   102

Table legend: (Time is in decaauts)
 A = Elapsed time spent in this place.
 B = Non-inter-level travel time spent in this place.
 C = Inter-level travel time spent in this place.
 D = Time resting spent in this place.
 E = Time spent auto-exploring this place.
 F = Levels seen in this place.
 G = Mean time per level.
                   A        B        C        D        E       F      G
               +--------+--------+--------+--------+--------+-----+--------+
         Total |   4087 |   3963 |    124 |    835 |   2678 |   5 |  817.4 |
       Dungeon |   4087 |   3963 |    124 |    835 |   2678 |   5 |  817.4 |
               +--------+--------+--------+--------+--------+-----+--------+

Top non-repeatable levels by time:
     D:4: 1377 daAuts
     D:3: 1008 daAuts
     D:1: 695 daAuts
     D:2: 687 daAuts
     D:5: 318 daAuts
